Map: Ulrena

Players

Kamiro

  • Race: Terran Terran
  • League: Silver
  • Spawn Location: 7:00

zidar - Winner!

  • Race: Zerg Zerg
  • League: Gold
  • Spawn Location: 11:00

VOD

Have the link to the VOD?

Description

Time

  • Played on: May 20, 2016, 3:04 p.m.
  • Length: 6:32
Show
View Real Time Build Order
Export as new Build Order

Kamiro Terran 

Build Orders:  

Get SALT Encoding   

  12  0:01  SCV  
  13  0:13  SCV  
  14  0:21  Supply Depot  
  14  0:27  SCV  
  15  0:43  SCV  
  15  0:44  Barracks  
  16  0:51  Refinery  
  16  0:59  SCV  
  17  1:11  SCV  
  18  1:24  SCV  
  19  1:38  Orbital Command  
  19  1:43  Barracks Reactor  
  19  2:00  Command Center  
  19  2:07  SCV  
  20  2:17  Factory  
  20  2:19  Marine, SCV  
  20  2:20  Marine  
  23  2:31  Supply Depot  
  23  2:50  Refinery  
  23  2:52  Marine x2  
  23  2:53  SCV  
  26  3:05  SCV  
  26  3:10  Marine x2  
  28  3:13  Factory Reactor  
  28  3:15  Starport  
  28  3:17  SCV  
  29  3:23  Orbital Command  
  29  3:28  Marine x2  
  29  3:29  SCV  
  33  3:41  SCV  
  33  3:46  Marine  
  34  3:50  Barracks  
  34  3:53  SCV  
  35  4:01  Factory Tech Lab  
  35  4:08  Supply Depot  
  35  4:09  Marine x2, Engineering Bay  
  36  4:11  Medivac  
  36  4:15  Medivac  
  41  4:21  SCV  
  43  4:24  SCV  
  43  4:27  Marine x2  
  45  4:58  Barracks  
  44  5:00  Supply Depot  
  44  5:02  Supply Depot  
  37  5:09  Marine  
  37  5:10  Marine x2  
  38  5:27  Marine x2  
  42  5:28  Marauder  
  39  5:45  Marine x2  
  39  5:50  Marauder  
  36  6:03  Marine x2  
  34  6:10  Marine  
Show
View Real Time Build Order
Export as new Build Order

zidar Zerg - Winner!

Build Orders: Hatch First 

Get SALT Encoding   

  12  0:01  Drone  
  13  0:17  Overlord  
  13  0:18  Drone  
  14  0:23  Extractor  
  14  0:24  Drone  
  15  0:35  Drone  
  16  0:39  Drone  
  17  0:58  Hatchery, Drone  
  17  1:01  Extractor  
  17  1:03  Drone  
  17  1:18  Spawning Pool  
  16  1:28  Drone  
  16  1:29  Drone  
  18  1:40  Drone  
  18  1:45  Overlord  
  19  1:58  Drone  
  20  2:05  Queen  
  20  2:07  Drone  
  23  2:11  Metabolic Boost  
  23  2:15  Queen  
  23  2:20  Drone  
  26  2:26  Extractor  
  25  2:40  Drone x5  
  30  2:57  Roach Warren  
  29  3:13  Drone  
  30  3:23  Drone x6  
  30  3:26  Overlord  
  36  3:27  Overlord  
  36  3:43  Overlord x2  
  36  4:01  Roach x6  
  48  4:12  Zergling x6  
  51  4:17  Roach  
  51  4:20  Roach x3  
  51  4:23  Roach  
  53  5:30  Roach x7  
  61  6:03  Roach x3  
Tags
 
Matchup
TvZ
Spawn Locations
Close Positions
Add a new tag
Caveats
  • Supply blocks, unpowered buildings, or Contaminate may cause inaccurate times.
  • Supply counts are checked every 10 seconds.